Map: Crête de Lerilak

Players

MrLemon - Winner!

  • Race: Terran Terran
  • League: Platinum

Worming

  • Race: Zerg Zerg
  • League: Diamond

VOD

Have the link to the VOD?

Description

Time

  • Played on: Nov. 14, 2015, 4:09 p.m.
  • Length: 6:32
Show
View Real Time Build Order
Export as new Build Order

MrLemon Terran - Winner!

Build Orders: Liberator Opening 

Get SALT Encoding   

  12  0:03  SCV  
  13  0:15  SCV  
  13  0:19  Supply Depot  
  14  0:27  SCV  
  15  0:40  SCV  
  15  0:42  Barracks  
  16  0:50  Refinery  
  16  0:52  SCV  
  16  0:54  Refinery  
  17  1:05  SCV  
  18  1:17  SCV  
  19  1:29  Orbital Command  
  19  1:30  Reaper  
  20  1:33  Supply Depot  
  20  1:45  Bunker  
  20  1:55  SCV  
  20  1:59  Factory  
  21  2:09  SCV  
  21  2:12  Barracks Reactor  
  21  2:13  Supply Depot  
  22  2:21  SCV  
  23  2:33  SCV  
  24  2:49  Marine x2  
  24  2:51  Factory Tech Lab  
  26  2:52  SCV  
  26  2:56  Starport  
  27  3:04  SCV  
  28  3:07  Marine x2  
  28  3:11  Siege Tank  
  33  3:16  SCV  
  34  3:26  Marine x2  
  36  3:28  SCV  
  37  3:37  Supply Depot  
  37  3:41  Liberator  
  37  3:51  SCV  
  37  3:55  Supply Depot  
  38  3:58  Siege Tank  
  44  4:03  SCV, Marine x2  
  44  4:08  Supply Depot  
  47  4:20  Bunker  
  47  4:22  Bunker  
  47  4:25  Liberator  
  46  4:38  Marine  
  46  4:39  Marine  
  46  4:40  Siege Tank  
  54  4:52  Bunker  
  54  4:58  Engineering Bay  
  54  5:00  Supply Depot, Marine x2  
  56  5:07  Liberator  
  56  5:18  Siege Tank, Marine x2  
  64  6:04  Bunker  
  64  6:05  Bunker  
  64  6:07  Marine x2  
Show
View Real Time Build Order
Export as new Build Order

Worming Zerg 

Build Orders: Hatch First 

Get SALT Encoding   

  12  0:01  Drone  
  13  0:12  Overlord  
  13  0:17  Drone  
  14  0:30  Drone x2  
  14  0:34  Drone  
  17  0:52  Hatchery  
  17  0:55  Drone  
  17  0:59  Drone  
  18  1:12  Spawning Pool  
  18  1:16  Drone  
  18  1:19  Drone  
  19  1:38  Hatchery  
  18  1:41  Drone  
  19  2:06  Queen x2  
  19  2:07  Zergling x2  
  24  2:12  Extractor  
  23  2:18  Drone x2  
  23  2:20  Overlord  
  23  2:22  Zergling x2  
  25  2:51  Drone x5  
  29  2:52  Zergling x4  
  29  2:55  Queen  
  34  3:10  Drone x3  
  37  3:18  Drone x4  
  41  3:20  Metabolic Boost  
  41  3:37  Overlord  
  41  3:38  Overlord  
  41  3:42  Overlord  
  41  3:54  Queen  
  41  3:55  Drone x6  
  49  3:56  Drone  
  49  3:57  Drone x4  
  54  4:06  Zergling x2  
  54  4:07  Zergling x6  
  58  4:11  Roach Warren  
  58  4:12  Extractor  
  58  4:16  Queen  
  49  4:47  Overlord x3, Extractor  
  49  4:49  Extractor  
  47  5:00  Roach x3  
  47  5:01  Roach x2  
  47  5:02  Overlord x2  
  47  5:03  Overlord  
  57  5:27  Hatchery  
  52  5:31  Queen  
  52  5:32  Queen  
  52  5:33  Roach  
  52  5:34  Roach x4  
  66  5:36  Drone  
  66  5:37  Drone  
  66  5:38  Drone x2  
  68  6:02  Roach Warren  
Tags
 
Add a new tag
Caveats
  • Supply blocks, unpowered buildings, or Contaminate may cause inaccurate times.
  • Supply counts are checked every 10 seconds.